 Dungeon Crawl Stone Soup version 0.18.1-50-g88ac8fd (webtiles) character file.

172 theElss the Conjurer (level 5, -11/34 HPs)
             Began as a High Elf Conjurer on Sept 27, 2016.
             Killed by divine providence
             ... invoked by an orc priest
              (12 damage)
             ... on level 3 of the Dungeon.
             The game lasted 00:10:23 (3382 turns).

theElss the Conjurer (High Elf Conjurer)            Turns: 3382, Time: 00:10:23

Health: -11/34     AC:  4    Str:  7    XL:     5   Next: 27%
Magic:  0/10       EV: 13    Int: 20    God:
Gold:   110        SH:  0    Dex: 15    Spells: 3 memorised, 3 levels left

rFire  . . .     SeeInvis .     f - +0 dagger
rCold  . . .     Gourm    .     a - +0 robe
rNeg   . . .     Faith    .     (no shield)
rPois  .         Spirit   .     d - +0 helmet
rElec  .         Dismiss  .     (no cloak)
rCorr  .         Reflect  .     h - +0 pair of gloves
SustAt .         Harm     .     (no boots)
MR     .....                    (no amulet)
Stlth  +++.......               (no ring)
                                j - ring of stealth

@: very slightly contaminated, not resistant to hostile enchantments, fairly
stealthy
A: no striking features
a: no special abilities


You were on level 3 of the Dungeon.
You were not hungry.

You visited 1 branch of the dungeon, and saw 3 of its levels.

You collected 110 gold pieces.

Inventory:

Hand Weapons
 e - a +0 club
 f - a +0 dagger (weapon)
Armour
 a - a +0 robe (worn)
 d - a +0 helmet (worn)
 h - a +0 pair of gloves (worn)
Jewellery
 j - a ring of stealth (left hand)
 u - an uncursed ring of resist corrosion {unknown}
Wands
 s - a wand of disintegration (5/24)
Scrolls
 g - a scroll of blinking {unknown}
 l - a scroll of noise {unknown}
 n - 2 scrolls of identify {unknown}
 p - a scroll of magic mapping {unknown}
 r - a scroll of teleportation {unknown}
 t - a scroll of recharging {unknown}
 v - a scroll of enchant armour {unknown}
 x - a scroll of immolation {unknown}
Potions
 o - a potion of cure mutation {unknown}
 q - a potion of cancellation {unknown}
 z - a potion of beneficial mutation {unknown}
Books
 b - a book of Conjurations

   Spells                             Type                      Level
   a - Magic Dart                     Conjuration                  1
   b - Searing Ray                    Conjuration                  2
   c - Dazzling Spray                 Conjuration/Hexes            3
   d - Fulminant Prism                Conjuration/Hexes            4
   e - Iskenderun's Mystic Blast      Conjuration                  4
   f - Iskenderun's Battlesphere      Conjuration/Charms           5
Comestibles
 c - 2 bread rations
 k - a meat ration
 m - 4 beef jerkies
 w - 3 chunks of flesh


   Skills:
 * Level 2.0 Fighting
 + Level 2.8 Dodging
 - Level 2.1 Stealth
 + Level 3.3 Spellcasting
 + Level 6.0 Conjurations


You had 3 spell levels left.
You knew the following spells:

 Your Spells              Type           Power        Failure   Level  Hunger
a - Magic Dart            Conj           ####         1%          1    None
c - Searing Ray           Conj           ####..       1%          2    ##.....
d - Iskenderun's Mystic   Conj           ####....     14%         4    ####...


Dungeon Overview and Level Annotations

Branches:
Dungeon (3/15)

Altars:


Message History

You hit the orc priest but do no damage.
The orc priest is severely wounded.
The orc priest hits you with a club.
* * * LOW HITPOINT WARNING * * *
Drink which item? (? for menu, Esc to quit)
It was a potion of curing.
You feel better.
The orc priest miscasts a cantrip.
Drink which item? (? for menu, Esc to quit)
Okay, then.
You hit the orc priest but do no damage.
The orc priest is severely wounded.
The orc priest closely misses you.
You closely miss the orc priest.
The orc priest is severely wounded.
The orc priest invokes the aid of Beogh against you.
Pain shoots through your body!
* * * LOW HITPOINT WARNING * * *
The orc priest calls down the wrath of Beogh upon you.
Beogh smites you!
You die...

...##+#....###........#####.#.###
##.# #......#........#..........
#.# #......#........#.###.#.###
#.# #......#.......)# ...#.# #.#
......##.####### #.###.# #.# #.#
#. #.# #.## #.# # #.# #..# #
#.#######.# #.# ##.#.#
#.@.o...... ... #.#.# #..####.#.#
###.#.# #..# ......# #... ###...#
#.### ....#.# ... ......# ...#
......# ... ###<#.#


You could see an orc priest.

Vanquished Creatures
  Jessica (D:2)
  Ijyb (D:2)
  4 gnolls (D:2)
  An adder (D:2)
  An ooze (D:1)
  A worm (D:2)
  2 dart slugs (D:1)
  3 giant geckos
  3 orcs (D:3)
  6 bats
  3 giant cockroaches
  4 hobgoblins
  3 jackals (D:1)
  A ball python (D:1)
  7 giant newts
  7 goblins
  9 kobolds
  8 rats
65 creatures vanquished.

Notes
Turn   | Place    | Note
--------------------------------------------------------------
     0 | D:1      | theElss the High Elf Conjurer began the quest for the Orb.
     0 | D:1      | Reached XP level 1. HP: 11/11 MP: 4/4
   252 | D:1      | Reached XP level 2. HP: 12/18 MP: 0/6
   468 | D:1      | Reached skill level 1 in Fighting
   557 | D:1      | Reached skill level 5 in Conjurations
   561 | D:1      | Learned a level 2 spell: Searing Ray
   674 | D:1      | Reached XP level 3. HP: 23/23 MP: 4/7
  1593 | D:2      | Noticed Jessica
  1598 | D:2      | Killed Jessica
  1598 | D:2      | Reached XP level 4. HP: 28/28 MP: 2/9
  1712 | D:2      | Learned a level 4 spell: Iskenderun's Mystic Blast
  2168 | D:2      | Noticed Ijyb
  2178 | D:2      | Killed Ijyb
  2178 | D:2      | Reached XP level 5. HP: 10/34 MP: 0/10
  2643 | D:2      | Reached skill level 6 in Conjurations
  3381 | D:3      | HP: 1/34 [orc priest/nerve-wracking pain (12)]
  3382 | D:3      | Killed from afar by an orc priest

Skill      XL: |  1  2  3  4  5 |
---------------+----------------+-----
Fighting       | 1 2 |  2.0
Conjurations   | 5 6 |  6.0
Spellcasting   | 3 |  3.3
Dodging        | |  2.8
Stealth        | |  2.1

Action                   |  1- 3 |  4- 6 || total
-------------------------+-------+-------++-------
Melee: Club              |     8 |       ||     8
       Dagger            |     5 |    16 ||    21
 Cast: Magic Dart        |    60 |    31 ||    91
       Searing Ray       |     3 |     7 ||    10
       Iskenderun's Myst |       |     1 ||     1
  Use: Potion            |       |     1 ||     1
  Eat: Chunk             |     2 |     6 ||     8
Armor: Robe              |     2 |     3 ||     5
Dodge: Dodged            |    19 |    19 ||    38
